 Dungeon Crawl Stone Soup version 0.22.0-49-gab54619 (webtiles) character file.

39 inc the Conjurer (level 3, 0/21 HPs)
             Began as an Octopode Fire Elementalist on Sept 6, 2018.
             Slain by a rat (3 damage)
             ... on level 1 of the Dungeon.
             The game lasted 00:00:49 (992 turns).

inc the Conjurer (Octopode Fire Elementalist)        Turns: 992, Time: 00:00:50

Health: 0/21       AC:  1    Str:  7    XL:     3   Next: 47%
Magic:  5/6        EV: 13    Int: 18    God:
Gold:   58         SH:  0    Dex: 12    Spells: 5/6 levels left

rFire    . . .     SeeInvis .   a - +0 short sword
rCold    . . .     Gourm    .   (no shield)
rNeg     . . .     Faith    .   (helmet restricted)
rPois    .         Spirit   .   (no amulet)
rElec    .         Reflect  .   (no ring)
rCorr    .         Harm     .   (no ring)
MR       .....                  (no ring)
Stlth    +++.......             (no ring)
HPRegen  0.07/turn              (no ring)
MPRegen  0.10/turn              (no ring)
                                (no ring)
                                (no ring)

@: no status effects
A: almost no armour, stealthy swim, amphibious, 8 rings, constrict 8, camouflage
1, gelatinous body 1
a: no special abilities


You were on level 1 of the Dungeon.
You were hungry.

You visited 1 branch of the dungeon, and saw 2 of its levels.

You collected 58 gold pieces.

Inventory:

Hand Weapons
 a - a +0 short sword (weapon)
Scrolls
 c - a scroll of magic mapping {unknown}
 e - 4 scrolls of identify {unknown}
 f - a scroll of remove curse {unknown}
 g - a scroll of enchant armour {unknown}
 h - a scroll of amnesia {unknown}
Potions
 d - a potion of haste {unknown}
Comestibles
 b - 2 rations


   Skills:
 - Level 2.0 Dodging
 - Level 2.6 Stealth
 - Level 2.0 Spellcasting
 + Level 3.3 Conjurations
 - Level 3.0 Fire Magic


You had 5 spell levels left.
You knew the following spells:

 Your Spells              Type           Power        Failure   Level  Hunger
a - Flame Tongue          Conj/Fire      ##...        4%          1    #......

Your spell library contained the following spells:

 Spells                   Type           Power        Failure   Level  Hunger
 Throw Flame              Conj/Fire      ##....       8%          2    ###....
 Conjure Flame            Conj/Fire      ##......     16%         3    ###....
 Inner Flame              Hex/Fire       #.......     28%         3    ###....
 Sticky Flame             Conj/Fire      ##......     45%         4    #####..
 Fireball                 Conj/Fire      ##........   80%         5    ######.


Dungeon Overview and Level Annotations

Branches:
Dungeon (2/15)

Altars:
Fedhas


Innate Abilities, Weirdness & Mutations

You cannot wear most types of armour.
You are very stealthy in the water. (Stealth+)
You are amphibious.
You can wear up to eight rings at the same time.
You can use your tentacles to constrict eight enemies at once.
Your skin changes colour to match your surroundings (Stealth+).
Your rubbery body absorbs attacks. (AC +1, EV +1)


Message History

The flame tongue hits the rat.
The rat is severely wounded.
The kobold throws a stone.
The stone closely misses you. The rat bites you. The worm bites you!
* * * LOW HITPOINT WARNING * * *
The rat closely misses you. The rat bites you.
* * * LOW HITPOINT WARNING * * *
You climb upwards.
There is a stone staircase leading down here.
Unknown command.
The rat bites you.
* * * LOW HITPOINT WARNING * * *
The rat closely misses you.
Casting: Flame Tongue (safe; 4% risk of failure)
Confirm with . or Enter, or press ? or * to list all spells.
Aiming: Flame Tongue (safe; 4% risk of failure)
Press: ? - help, Shift-Dir - straight line, f - rat
Aim: a rat (severely wounded)
The flame tongue misses the rat.
The rat bites you.
You die...

..# #....# ######## ..##
#....###....... ...##
############........######
....## #.>.......##.....####
..#..###....)..........##
...........>†....####.##
.#......#........# #.#
.............w.r.####.#
..#....#..##...r@.#...#
..........#######.....### #
...#..#...## #....#...### ##
#..........#####....###...####
#. ....##.........#....#
###....###.
..........####......#
####..... ...#..#[..# ###....#
#.#.#. ..........# #....#
#..... ..#....#..# #....#
#.#.#.


You could see a worm and 2 rats.

Vanquished Creatures
  A gnoll (D:1)
  An adder (D:1)
  A dart slug (D:1)
  2 bats (D:1)
  2 giant cockroaches (D:1)
  2 goblins (D:1)
  3 hobgoblins (D:1)
  4 kobolds (D:1)
  A frilled lizard (D:1)
  2 rats (D:1)
19 creatures vanquished.

Notes
Turn   | Place    | Note
-------+----------+-------------------------------------------
     0 | D:1      | inc the Octopode Fire Elementalist began the quest for the
                  | Orb.
     0 | D:1      | Reached XP level 1. HP: 11/11 MP: 3/3
   206 | D:1      | Reached XP level 2. HP: 8/17 MP: 0/5
   474 | D:1      | Reached XP level 3. HP: 16/21 MP: 1/6
   830 | D:2      | Found a blossoming altar of Fedhas.
   992 | D:1      | Slain by a rat

Skill      XL: |  1  2  3 |
---------------+----------+-----
Conjurations   | 2 3 |  3.3
Dodging        | |  2.0
Stealth        | |  2.6
Spellcasting   | |  2.0
Fire Magic     | |  3.0

Action                   || total
-------------------------++-------
Melee: Short sword       ||    25
       Constrict         ||     3
       Tentacles         ||     2
 Cast: Flame Tongue      ||    25
Armor: Skin              ||     5
Dodge: Dodged            ||    32
